 Seeded DCSS version 0.29.1-15-g9cfb28693d (webtiles) character file.

Game seed: 101367353860620880 (custom seed)

49 bmack86 the Trooper (level 3, 0/33 HPs)
             Began as a Minotaur Fighter on Mar 2, 2023.
             Slain by a kobold
             ... wielding a +1 whip of electrocution
              (9 damage)
             ... on level 2 of the Dungeon.
             The game lasted 00:03:28 (1722 turns).

bmack86 the Trooper (Minotaur Fighter)              Turns: 1722, Time: 00:03:28

Health: 0/33       AC:  7    Str: 22    XL:     3   Next: 53%
Magic:  2/2        EV:  9    Int:  5    God:
Gold:   108        SH:  4    Dex:  9    Spells: 2/2 levels left

rFire   . . .      SeeInvis .   a - +0 war axe
rCold   . . .      Faith    .   c - +0 buckler
rNeg    . . .      Spirit   .   b - +0 scale mail
rPois   .          Reflect  .   (helmet restricted)
rElec   .          Harm     .   (no cloak)
rCorr   .          Rampage  .   (no gloves)
Will    .....                   (no boots)
Stlth   ..........              (no amulet)
HPRegen 0.11/turn               (no ring)
MPRegen 0.08/turn               (no ring)

@: no status effects
A: horns 2, retaliatory headbutt
a: no special abilities


You were on level 2 of the Dungeon.
You visited 1 branch of the dungeon, and saw 2 of its levels.

You collected 108 gold pieces.

Inventory:

Hand Weapons
 a - a +0 war axe (weapon)
Missiles
 l - 3 boomerangs (quivered)
Armour
 b - a +0 scale mail (worn)
 c - a +0 buckler (worn)
Jewellery
 i - a ring of wizardry
Scrolls
 g - a scroll of enchant weapon {unknown}
 h - a scroll of vulnerability {unknown}
 k - a scroll of brand weapon {unknown}
Potions
 d - a potion of might
 e - 2 potions of curing
 f - a potion of berserk rage
 j - a potion of mutation
 n - a potion of lignification


   Skills:
 + Level 4.1 Fighting
 * Level 3.5 Axes
 + Level 0.2 Throwing
 + Level 4.0 Armour
 + Level 4.1 Shields


You had 2 spell levels left.
You didn't know any spells.
Your spell library was empty.

Dungeon Overview and Level Annotations

Branches:
Dungeon (2/15)

Altars:


Innate Abilities, Weirdness & Mutations

You have a pair of horns on your head.
You reflexively headbutt those who attack you in melee.


Message History

The kobold barely misses you.
You hit the kobold but do no damage. The kobold hits you but does no damage.
You barely miss the kobold. The kobold hits you with a +0 whip.
You block the kobold's attack.
You completely miss the kobold. Your headbutt misses the kobold.
The kobold hits you but does no damage.
You barely miss the kobold. The kobold barely misses you.
You completely miss the kobold. The kobold hits you but does no damage.
The kobold barely misses you.
You hit the kobold.
The kobold is moderately wounded.
The kobold hits you with a +0 whip.
You closely miss the kobold.
The kobold is moderately wounded.
The kobold barely misses you. You block the kobold's attack.
You hit the kobold.
You kill the kobold!
Things that are here:
a +0 whip; a kobold corpse
Found a dagger.
You see here a +0 dagger.
Found a stone staircase leading up.
You now have 79 gold pieces (gained 18).
n - a fuming orange potion
As you read the scroll of identify, it crumbles to dust.
n - a potion of lignification
There is a stone staircase leading up here.
You now have 97 gold pieces (gained 18).
Found a stone.
You now have 108 gold pieces (gained 11).
Found a spear.
A kobold comes into view.
It is wielding a +1 whip of electrocution.
The kobold shouts!
The kobold hits you but does no damage.
You are electrocuted!!
Ouch! That really hurt!
You closely miss the kobold.
The kobold hits you with a +1 whip of electrocution. x2
* * * LOW HITPOINT WARNING * * *
You are electrocuted!
You die...

.#.......######
....[.#.......#
#...).....###.#
#..#.#..#.##
..##
..##.#.....#
..#
..##.###...#
#.# ###..#
#...####.##
.)#.##
##....##..###
#...#
##.#....@K.#
##..#
#.#######......
#..# #.# ......
#### ... .....
... #### )...
#####


You could see a kobold.

Vanquished Creatures
  2 dart slugs
  4 ball pythons
  9 endoplasms
  3 giant cockroaches
  3 goblins
  5 hobgoblins (D:1)
  3 bats
  2 frilled lizards (D:1)
  4 kobolds
  6 rats
41 creatures vanquished.

Vanquished Creatures (others)
  5 plants (D:1)
  6 withered plants (D:1)
11 creatures vanquished.

Grand Total: 52 creatures vanquished

Notes
Turn   | Place    | Note
-------+----------+-------------------------------------------
     0 | D:1      | bmack86 the Minotaur Fighter began the quest for the Orb.
     0 | D:1      | Reached XP level 1. HP: 19/19 MP: 0/0
   254 | D:1      | Reached XP level 2. HP: 27/27 MP: 1/1
   508 | D:1      | Found a faded altar of an unknown god.
   584 | D:1      | Reached XP level 3. HP: 22/33 MP: 2/2
  1722 | D:2      | Slain by a kobold

Illustrated notes

Levels and vault maps discovered:
D:1:      kilobyte_arrival_exit_the_forest, layout_loops_ring,
          shapermc_ecumenical_altar_flowoftime, chequers_serial_rivers_micro_c
D:2:      layout_rooms, small_statue_intersection

Skill      XL: |  1  2  3 |
---------------+----------+-----
Axes           | 3 |  3.5
Shields        | 4 |  4.1
Fighting       | 4 |  4.1
Armour         | 4 |  4.0
Throwing       | |  0.2

Action                   || total
-------------------------++-------
Melee: War axe           ||    81
       Headbutt          ||    22
Throw: Boomerang         ||     1
  Use: Scroll            ||     5
Armor: Scale mail        ||    40
Dodge: Dodged            ||    40
Block: Buckler           ||    17
